 Dungeon Crawl Stone Soup version 0.32-a0-132-g2d33c3cfaf (webtiles) character file.

Game seed: 13044212907284203745

1 Bravepunisher the Ducker (level 1, -10/11 HPs)
             Began as a Spriggan Monk on Feb 9, 2024.
             Mangled by Menkaure (13 damage)
             ... on level 4 of the Dungeon.
             The game lasted 00:00:40 (110 turns).

Bravepunisher the Ducker (Spriggan Monk)             Turns: 110, Time: 00:00:40

Health: -10/11     AC:  2    Str:  7    XL:     1   Next: 16%
Magic:  2/2        EV: 18    Int: 11    God:
Gold:   0          SH:  0    Dex: 17    Spells: 0/0 levels left

rFire   . . .        a - +0 short sword
rCold   . . .        (no shield)
rNeg    . . .        b - +0 robe
rPois   .            (helmet restricted)
rElec   .            (no cloak)
rCorr   .            (gloves unavailable)
SInv    +            (boots unavailable)
Will    .....        (no amulet)
Stlth   ++           (no ring)
HPRegen 0.21/turn    (no ring)
MPRegen 0.08/turn

%: no passive effects
@: hasted, very quick
A: very small, no large weapons, unfitting armour, see invisible, speed 3
a: no special abilities


You were on level 4 of the Dungeon.
You visited 1 branch of the dungeon, and saw 4 of its levels.

Inventory:

Hand Weapons
 a - a +0 short sword (weapon)
Armour
 b - a +0 robe (worn)
Wands
 e - a wand of flame (16)
Potions
 c - a potion of ambrosia


   Skills:
 + Level 2.4 Fighting
 - Level 3.2 Short Blades
 * Level 4.1 Dodging


You couldn't memorise any spells.
You didn't know any spells.
Your spell library was empty.

Dungeon Overview and Level Annotations

Branches:
Dungeon (4/15)
 Temple: D:4-7

Altars:

Shops:
D:3 *

Annotations:
D:3 Sigmund, Terence
D:4 Menkaure


Innate Abilities, Weirdness & Mutations

You are very small and have problems with some larger weapons.
You are too small for most types of armour.
You have supernaturally acute eyesight. (SInv)
You cover ground extremely quickly. (Speed+++)


Message History

Found 15 gold pieces, a lead wand and a viscous silvery potion.
There is a stone staircase leading up here.
HP restored.
Menkaure, Prince of Dust comes into view.
Menkaure shouts!
Menkaure mumbles some strange words.
Menkaure seems to speed up.
You see here a viscous silvery potion.
d - a viscous silvery potion Menkaure points at you and mumbles some strange words.
Pain shoots through your body!
There is a stone staircase leading up here.
Found an escape hatch in the ceiling.
You see here a wand of flame (16).
e - a wand of flame (16) Menkaure calls on the powers of darkness!
Your body is wracked with pain!
Menkaure's bandages flutter.
An orc comes into view. It is wielding a +0 hand axe.
An orc priest comes into view. It is wielding a +2 trident of flaming.
The orc priest shouts!
The orc shouts!
You hear a shout! 2 orcs come into view.
The orc shouts!
A hobgoblin comes into view. It is wielding a +0 dagger.
Menkaure wails, "Why can't you leave me to my rest?"
Menkaure calls on the powers of darkness!
Your body is wracked with pain!
The orc shouts!
Menkaure calls on the powers of darkness!
Your body is wracked with pain!
A ball python comes into view.
Menkaure calls on the powers of darkness!
Your body is wracked with pain!
* * * LOW HITPOINT WARNING * * *
You aren't carrying any scrolls.
It was a potion of haste.
You feel yourself speed up.
The ball python hisses angrily.
You hear a shout!
Menkaure hits you!
Ouch! That really hurt!
You die...

###....##.....##.##.....
#....................###
#.#.......$...##........
#..#.........<..#.$.?#
#..##.......#.........
#...o.......#.###.####
#...#.......... ?.#
#...#M##.####.$...#
#.<.#@##... ......#
#...#o#######.....
..oo#.# #.....# #....#o#
#..o.#.# #....S.#
#..#...# ...# ....


You could see Menkaure (fast), an orc priest, 2 orcs and a ball python.

Vanquished Creatures
  A goblin (D:2)
1 creature vanquished.

Notes
Turn   | Place    | Note
-------+----------+-------------------------------------------
     0 | D:1      | Bravepunisher the Spriggan Monk began the quest for the
                  | Orb.
     0 | D:1      | Reached XP level 1. HP: 11/11 MP: 2/2
    35 | D:3      | Noticed Terence
    46 | D:3      | Noticed Sigmund
    47 | D:3      | Found Lesigeh's Assorted Antiques.
    79 | D:4      | Noticed Menkaure
    98 | D:4      | Noticed an orc priest
   110 | D:4      | Mangled by Menkaure

Illustrated notes

Levels and vault maps discovered:
D:1:      lightli_arrival_lavapool, layout_rooms, serial_shops, shop_statue,
          serial_forest, infiniplex_forest_straight_5, infiniplex_forest_end_1,
          infiniplex_forest_lined_ring, infiniplex_forest_lined_3,
          infiniplex_forest_straight_4, infiniplex_forest_clump_long
D:2:      layout_basic, ebering_ecumenical_altar_abandoned, st_stairs_10,
          hangedman_decor_slide_cut, minmay_misc_feat_diagonals,
          roderic_serpentine_path
D:3:      layout_rooms, overflow_temple_1_default, serial_shops,
          nicolae_shop_temple_entry_statues_fountains, uniq_terence,
          uniq_sigmund
D:4:      layout_loops_ring, sigmund_army, uniq_crazy_yiuf_cottage,
          uniq_menkaure

Action                     || total
---------------------------++-------
  Melee: Short sword       ||     3
    Use: Potion            ||     1
   Stab: Sleeping          ||     1
 Armour: Robe              ||     5
  Dodge: Dodged            ||     4

Table legend: (Time is in decaauts)
 A = Elapsed time spent in this place.
 B = Non-inter-level travel time spent in this place.
 C = Inter-level travel time spent in this place.
 D = Time resting spent in this place.
 E = Time spent auto-exploring this place.
 F = Levels seen in this place.
 G = Mean time per level.
                   A        B        C        D        E       F      G
               +--------+--------+--------+--------+--------+-----+--------+
         Total |     79 |     79 |      0 |      0 |     26 |   4 |   19.8 |
       Dungeon |     79 |     79 |      0 |      0 |     26 |   4 |   19.8 |
               +--------+--------+--------+--------+--------+-----+--------+

Top non-repeatable levels by time:
     D:4: 38 daAuts
     D:1: 18 daAuts
     D:3: 18 daAuts
     D:2: 4 daAuts
